 Dungeon Crawl Stone Soup version 0.22-a0-512-g0943f25562 (webtiles) character file.

88 Oravi the Conjurer (level 4, -3/24 HPs)
             Began as a Tengu Conjurer on June 18, 2018.
             Slain by Sigmund
             ... wielding a +2 scythe of freezing
              (4 damage)
             ... on level 3 of the Dungeon.
             The game lasted 00:05:22 (2098 turns).

Oravi the Conjurer (Tengu Conjurer)                 Turns: 2098, Time: 00:05:23

Health: -3/24      AC:  2    Str:  9    XL:     4   Next: 54%
Magic:  1/9        EV: 12    Int: 16    God:
Gold:   131        SH:  0    Dex: 14    Spells: 6/9 levels left

rFire    . . .     SeeInvis .   s - -3 hand axe (curse)
rCold    . . .     Gourm    .   (no shield)
rNeg     . . .     Faith    .   a - +0 robe
rPois    .         Spirit   .   (helmet restricted)
rElec    .         Reflect  .   (no cloak)
rCorr    .         Harm     .   (no gloves)
MR       .....                  (boots unavailable)
Stlth    ++........             (no amulet)
HPRegen  0.08/turn              (no ring)
MPRegen  0.11/turn              (no ring)

@: no status effects
A: beak, talons 3
a: no special abilities


You were on level 3 of the Dungeon.
You were not hungry.

You visited 1 branch of the dungeon, and saw 3 of its levels.

You collected 131 gold pieces.

Inventory:

Hand Weapons
 q - a +2 whip of venom
 s - a cursed -3 hand axe (weapon)
Missiles
 b - 165 stones (quivered)
 j - 7 tomahawks of returning
Armour
 a - a +0 robe (worn)
Scrolls
 g - a scroll of enchant weapon
 h - 2 scrolls of identify
 i - 2 scrolls of remove curse
 r - a scroll of amnesia
Potions
 d - a potion of mutation {unknown}
 e - 2 potions of curing
 f - a potion of might {unknown}
 k - a potion of invisibility {unknown}
 l - a potion of brilliance {unknown}
 m - a potion of cancellation {unknown}
 n - a potion of lignification {unknown}
 o - 2 potions of heal wounds {unknown}
 p - a potion of berserk rage {unknown}
Comestibles
 c - 5 rations


   Skills:
 - Level 2.1 Dodging
 - Level 2.0 Stealth
 + Level 3.3 Spellcasting
 + Level 6.6 Conjurations


You had 6 spell levels left.
You knew the following spells:

 Your Spells              Type           Power        Failure   Level  Hunger
a - Magic Dart            Conj           ###.         1%          1    None
b - Searing Ray           Conj           ###...       1%          2    ##.....

Your spell library contained the following spells:

 Spells                   Type           Power        Failure   Level  Hunger
 Iskenderun's Mystic Bla  Conj           ###.....     12%         4    ####...
 Fulminant Prism          Conj/Hex       ##........   43%         4    ####...
 Dazzling Spray           Conj/Hex       ##....       14%         3    ###....
 Force Lance              Conj/Tloc      ##......     43%         4    ####...


Dungeon Overview and Level Annotations

Branches:
Dungeon (3/15)

Altars:

Annotations:
D:3 Sigmund


Innate Abilities, Weirdness & Mutations

You have a beak for a mouth.
You have claws for feet.


Message History

Sigmund is severely wounded.
You finish channeling your searing ray.
Sigmund closely misses you.
Casting: Searing Ray (safe; 1% risk of failure)
Confirm with . or Enter, or press ? or * to list all spells.
Aiming: Searing Ray (safe; 1% risk of failure)
Press: ? - help, Shift-Dir - straight line, f/p - Sigmund
Aim: Sigmund, wielding a scythe of freezing and wearing a robe (severely wounded)
The searing ray hits Sigmund.
Sigmund is severely wounded. (Press . to maintain the ray.)
The bat barely misses you.
Sigmund hits you from afar with a scythe of freezing!
Sigmund freezes you.
Without enough magic to sustain it, your searing ray dissipates.
The bat hits you but does no damage. The bat hits you.
Sigmund hits you from afar with a scythe of freezing!
* * * LOW HITPOINT WARNING * * *
Sigmund freezes you.
You die...

#..#.##)# #.#
#....##.# #.#
###..##.# #.#
##.##.# #.#
+..#.# #.#
##....# #)#
###..##.###.#
#....##.....#
#.##@#####..#
#..
#b.@.##..#
...
†....##..#
###
###...##..#
..#.....
!.#.#..## ..#
#... #.#


You could see Sigmund and a bat.

Vanquished Creatures
  A bullfrog zombie (D:2)
  A worker ant (D:3)
  3 leopard geckos
  3 bats
  A giant cockroach (D:1)
  4 hobgoblins (D:1)
  3 kobolds
  A quokka (D:3)
  5 goblins
  5 rats
27 creatures vanquished.

Notes
Turn   | Place    | Note
-------+----------+-------------------------------------------
     0 | D:1      | Oravi the Tengu Conjurer began the quest for the Orb.
     0 | D:1      | Reached XP level 1. HP: 10/10 MP: 4/4
   259 | D:1      | Reached XP level 2. HP: 15/15 MP: 4/6
   271 | D:1      | Learned a level 2 spell: Searing Ray
  1089 | D:2      | Reached skill level 6 in Conjurations
  1089 | D:2      | Reached XP level 3. HP: 9/19 MP: 1/8
  1651 | D:2      | Reached XP level 4. HP: 24/24 MP: 7/9
  2091 | D:3      | Noticed Sigmund
  2098 | D:3      | HP: 1/24 [Sigmund/scythe of freezing (9)]
  2098 | D:3      | Slain by Sigmund

Vault maps used:
D:1:      mrwooster_arrival_arrow
D:3:      cheibrodos_greedy_goblins, first_ration, serial_bayou_pond_d,
          uniq_sigmund

Skill      XL: |  1  2 |
---------------+-------+-----
Spellcasting   | 3 |  3.3
Conjurations   | 6 |  6.6
Dodging        | |  2.1
Stealth        | |  2.0

Action                   |  1- 3 |  4- 6 || total
-------------------------+-------+-------++-------
Melee: Whip              |     5 |     2 ||     7
       Kick              |     2 |     1 ||     3
Throw: Stone             |       |     4 ||     4
 Cast: Magic Dart        |    37 |    11 ||    48
       Searing Ray       |     3 |     3 ||     6
  Use: Scroll            |     5 |       ||     5
       Potion            |     1 |       ||     1
  Eat: Chunk             |     2 |     2 ||     4
Armor: Robe              |     1 |     1 ||     2
Dodge: Dodged            |     5 |     4 ||     9

Table legend:
 A = Spawn XP
 B = Non-spawn XP
 C = Spawn XP percentage of total XP
 D = Spawn monster count
 E = Non-spawn monster count
 F = Spawn count percentage of total count
 G = Total turns spent on level
                    A         B        C        D         E        F      G
               +---------+---------+-------+---------+---------+-------+---------
         Total |       0 |     127 |   0.0 |       0 |      27 |   0.0 |  2098
               +---------+---------+-------+---------+---------+-------+---------
           D:1 |       0 |      27 |   0.0 |       0 |      15 |   0.0 |   971
           D:2 |       0 |      58 |   0.0 |       0 |       7 |   0.0 |   991
           D:3 |       0 |      42 |   0.0 |       0 |       5 |   0.0 |   136
               +---------+---------+-------+---------+---------+-------+---------
